 Dungeon Crawl Stone Soup version 0.24.0-123-gd5b16e6ec5 (webtiles) character file.

Game seed: 18089279325687580636, levelgen mode: deterministic

5126 Curus the Spear-Bearer (level 10, -5/121 (123) HPs)
             Began as a Merfolk Gladiator on Dec 18, 2019.
             Was an Elder of Trog.
             Slain by a blink frog (15 damage)
             ... on level 1 of the Lair of Beasts.
             The game lasted 00:59:19 (7617 turns).

Curus the Spear-Bearer (Merfolk Gladiator)          Turns: 7617, Time: 00:59:19

HP:   -5/121 (123)  AC: 10    Str: 18 (19) XL:     10   Next: 58%
MP:   11/11         EV: 20    Int:  8      God:    Trog [****..]
Gold: 431           SH:  6    Dex: 18 (19) Spells: 9/9 levels left

rFire    . . .     SeeInvis .   u - +0 trident (holy)
rCold    + . .     Gourm    .   t - +1 buckler
rNeg     . . .     Faith    .   b - +0 leather armour
rPois    +         Spirit   .   l - +1 helmet
rElec    .         Reflect  .   q - +1 cloak
rCorr    .         Harm     .   (no gloves)
MR       .....                  i - +2 pair of boots
Stlth    ..........             (no amulet)
HPRegen  0.30/turn              p - ring of protection from cold
MPRegen  0.12/turn              A - ring of poison resistance

@: berserking (expiring), very quick
A: change form in water, swift swim, stealthy swim
a: Berserk, Trog's Hand, Brothers in Arms, Renounce Religion


You were on level 1 of the Lair of Beasts.
You worshipped Trog.
Trog was greatly pleased with you.
You were not hungry.

You visited 2 branches of the dungeon, and saw 9 of its levels.

You collected 521 gold pieces.
You spent 90 gold pieces at shops.

Inventory:

Hand Weapons
 a - a +0 trident
 u - a +0 trident of holy wrath (weapon)
Missiles
 d - 25 throwing nets (quivered)
Armour
 b - a +0 leather armour (worn)
 c - a +1 helmet
 i - a +2 pair of boots (worn)
 l - a +1 helmet (worn)
 q - a +1 cloak (worn)
 t - a +1 buckler (worn)
Jewellery
 o - a +2 ring of evasion
 p - a ring of protection from cold (left hand)
 s - a -2 ring of dexterity
 w - a +2 ring of evasion
 x - an uncursed ring of resist corrosion
 A - a ring of poison resistance (right hand)
Wands
 k - a wand of iceblast (5)
Scrolls
 g - 8 scrolls of identify
 n - 3 scrolls of teleportation
 r - a scroll of fog
 v - a scroll of remove curse
 y - 2 scrolls of fear
 C - a scroll of magic mapping
Potions
 e - 3 potions of agility
 h - a potion of cancellation
 j - 3 potions of curing
 m - 3 potions of haste
 z - 2 potions of degeneration
 B - a potion of magic
 D - a potion of heal wounds
Comestibles
 f - 15 rations


   Skills:
 - Level 8.8 Fighting
 - Level 14.0 Polearms
 - Level 2.0 Throwing
 - Level 10.8 Dodging
 + Level 2.6 Shields
 + Level 2.6 Evocations


You had 9 spell levels left.
You didn't know any spells.
Your spell library was empty.

Dungeon Overview and Level Annotations

Branches:
Dungeon (8/15)             Temple (0/1) D:7            Lair (1/6) D:8

Altars:
Cheibriados
Fedhas
Hepliaklqana
Makhleb
Qazlal
Trog
Uskayaw
Vehumet
Xom
Yredelemnul
Zin


Message History

The blink frog is heavily wounded.
The blink frog blinks!
You hit the blink frog.
The blink frog is heavily wounded.
You block the blink frog's attack.
The blink frog blinks!
You puncture the blink frog!
The blink frog is almost dead.
You barely miss the blink frog.
The blink frog is almost dead.
The blink frog closely misses you. The blink frog completely misses you.
You closely miss the blink frog.
The blink frog is almost dead.
The blink frog misses you. x2
You puncture the blink frog!
You kill the blink frog!
Trog accepts your kill.
You miss the blink frog.
The blink frog is severely wounded.
The blink frog hits you!
You die...

#######
#######P#.#.#########
.....................
##.##+#§....§...........
......†@..#####.##....##
......#F..####..##....#.
..... #...##....##....#.
.... #....#..........#.
... #...##....#P....#.
.. ....##....##....#. .
.P...##....##....#.
+PP...##....##......
......#.######....##


You could see a blink frog.

Vanquished Creatures
  Joseph (D:8)
  A komodo dragon (Lair:1)
  A spiny frog (Lair:1)
  2 hornets (D:7)
  A blink frog (Lair:1)
  A porcupine (Lair:1)
  An orc warrior (D:6)
  A sky beast (D:6)
  3 necrophages
  A phantom (D:8)
  5 centaurs
  A bullfrog (D:6)
  6 gnoll sergeants (D:7)
  An elf skeleton (D:8)
  A troll zombie (D:8)
  A scorpion (D:6)
  6 wights (D:8)
  The ghost of marak the Skirmisher, a weakling GrMo (D:3)
  A howler monkey (D:7)
  A bullfrog zombie (D:6)
  A centaur zombie (D:6)
  3 crimson imps
  A quasit (D:6)
  3 jellies
  4 gnoll shamans
  4 orc priests
  7 hounds
  4 human zombies (D:8)
  3 iguanas
  3 orc wizards
  6 worker ants
  3 mummies (D:8)
  A hound skeleton (D:8)
  5 adders
  42 gnolls
  An ooze (D:1)
  3 worms
  5 dart slugs
  11 leopard geckos
  9 orcs
  5 bats
  7 giant cockroaches
  10 goblins
  12 hobgoblins
  14 jackals
  4 kobolds
  3 quokkas
  4 ball pythons
  4 frilled lizards
  A quokka skeleton (D:5)
  6 rats
226 creatures vanquished.

Notes
Turn   | Place    | Note
-------+----------+-------------------------------------------
     0 | D:1      | Curus the Merfolk Gladiator began the quest for the Orb.
     0 | D:1      | Reached XP level 1. HP: 16/16 MP: 1/1
    32 | D:1      | Reached skill level 5 in Polearms
    43 | D:1      | Reached XP level 2. HP: 20/22 MP: 2/2
   235 | D:1      | Reached skill level 6 in Polearms
   235 | D:1      | Reached XP level 3. HP: 18/27 MP: 3/3
   578 | D:2      | Found a glowing silver altar of Zin.
   661 | D:2      | Reached skill level 7 in Polearms
   661 | D:2      | Reached XP level 4. HP: 33/33 MP: 4/4
  1303 | D:2      | Reached skill level 8 in Polearms
  1303 | D:2      | Reached XP level 5. HP: 28/38 MP: 5/5
  1540 | D:2      | Found a bloodstained altar of Trog.
  1545 | D:2      | Became a worshipper of Trog the Wrathful
  1916 | D:3      | Found a runed translucent door.
  1916 | D:3      | Noticed marak's ghost (weakling GrMo)
  2293 | D:3      | Found a hazy altar of Hepliaklqana.
  2357 | D:4      | Found a radiant altar of Vehumet.
  2359 | D:4      | Found a hide-covered altar of Uskayaw.
  2362 | D:4      | Found a shimmering altar of Xom.
  2379 | D:4      | Reached skill level 9 in Polearms
  2430 | D:4      | Reached * piety under Trog
  2430 | D:4      | Reached XP level 6. HP: 31/44 MP: 6/6
  2466 | D:4      | Found a blossoming altar of Fedhas.
  2624 | D:4      | Reached skill level 10 in Polearms
  3013 | D:3      | Killed marak's ghost
  3176 | D:4      | Reached XP level 7. HP: 50/50 MP: 7/7
  3234 | D:4      | Reached skill level 11 in Polearms
  3495 | D:5      | Entered Level 5 of the Dungeon
  3511 | D:5      | Found a hazy altar of Hepliaklqana.
  3601 | D:5      | Reached skill level 12 in Polearms
  3759 | D:5      | Found a burning altar of Makhleb.
  3761 | D:5      | Noticed a balrug
  3765 | D:5      | Noticed a neqoxec
  3765 | D:5      | Noticed a smoke demon
  3842 | D:5      | Found a stormy altar of Qazlal.
  4038 | D:6      | Reached XP level 8. HP: 35/56 MP: 8/8
  4044 | D:6      | Reached skill level 13 in Polearms
  4266 | D:6      | Reached ** piety under Trog
  4325 | D:6      | Reached skill level 14 in Polearms
  4412 | D:6      | Reached skill level 5 in Dodging
  5108 | D:6      | Found a snail-covered altar of Cheibriados.
  5297 | D:7      | Reached XP level 9. HP: 24/66 MP: 9/9
  5317 | D:7      | Found a staircase to the Ecumenical Temple.
  5561 | D:7      | Found a glowing silver altar of Zin.
  5561 | D:7      | Found Zin's Purification Station.
  5571 | D:7      | Bought a potion of curing for 90 gold pieces
  5575 | D:7      | Noticed a hornet
  5579 | D:7      | Paralysed by a hornet for 3 turns
  5586 | D:7      | Killed a hornet
  5586 | D:7      | Reached skill level 5 in Fighting
  5871 | D:7      | Reached *** piety under Trog
  6304 | D:7      | Received a gift from Trog
  6329 | D:7      | Noticed a hornet
  6334 | D:7      | Paralysed by a hornet for 1 turns
  6342 | D:7      | Killed a hornet
  6756 | D:8      | Noticed Joseph
  6777 | D:8      | Killed Joseph
  6777 | D:8      | Reached XP level 10. HP: 31/80 MP: 10/10
  6946 | D:8      | Reached skill level 10 in Dodging
  7170 | D:8      | Reached **** piety under Trog
  7171 | D:8      | Found a basalt altar of Yredelemnul.
  7400 | D:8      | Found a staircase to the Lair.
  7405 | Lair:1   | Entered Level 1 of the Lair of Beasts
  7471 | Lair:1   | Reached skill level 1 in Shields
  7471 | Lair:1   | Reached skill level 1 in Evocations
  7579 | Lair:1   | Noticed a spiny frog
  7592 | Lair:1   | Killed a spiny frog
  7617 | Lair:1   | Slain by a blink frog

Levels and vault maps discovered:
D:1:      mrwooster_arrival_statue_2, layout_rooms, chequers_decorated_corner,
          kennysheep_decorative_pillar, minmay_misc_feat_tiny,
          minmay_indecisive_spiral
D:2:      layout_rooms, lightli_temple_of_fire, lemuel_altar_in_water
D:3:      layout_loops_cross, lemuel_coloured_pillars_altar, first_ration,
          ebering_ghost_inner_flame, eino_curves_04
D:4:      layout_cave_pools, grunt_temple_overflow_open,
          fedhas_bush_and_centaur_altar, kennysheep_generic_room_8
D:5:      layout_gridville, kennysheep_mini_moat, basic_altar,
          makhleb_altar_promises_db
D:6:      kb_forest_paths, layout_basic, kennysheep_slug_shrine
D:7:      layout_cave_pools, zin_purify, temple_fountains, serial_gnoll_camp,
          gnoll_camp_medium_01, gnoll_camp_mini_sergeant, gnoll_camp_medium_02,
          gnoll_camp_huts_moat, gnoll_camp_mini_basic
D:8:      layout_rooms, lemuel_mausoleum_altar_yredelemnul, lair_entry_dummy,
          serial_curves, eino_curves_02, eino_curves_03, uniq_joseph
Lair:1:   layout_regular_city, uniq_harold

Skill      XL: |  1  2  3  4  5  6  7  8  9 10 |
---------------+-------------------------------+-----
Polearms       | 5 6 7 8 9 10 12 14 | 14.0
Fighting       | 4 7 8 |  8.8
Dodging        | 6 9 10 | 10.8
Shields        | 2 |  2.6
Evocations     | 2 |  2.6
Throwing       | |  2.0

Action                   |  1- 3 |  4- 6 |  7- 9 | 10-12 || total
-------------------------+-------+-------+-------+-------++-------
Melee: Trident           |    86 |   215 |   638 |   205 ||  1144
Throw: Throwing net      |       |     1 |       |       ||     1
Invok: Berserk           |       |       |     7 |     2 ||     9
       Trog's Hand       |       |       |     2 |       ||     2
  Use: Scroll            |     4 |     4 |     5 |       ||    13
       Potion            |     4 |     3 |     1 |     3 ||    11
 Stab: Sleeping          |     2 |     3 |     4 |     4 ||    13
  Eat: Chunk             |       |     5 |    11 |     2 ||    18
       Ration            |       |     1 |     2 |     1 ||     4
Armor: Leather armour    |    11 |    48 |   125 |    14 ||   198
Dodge: Dodged            |    37 |   139 |   345 |    68 ||   589
Block: Buckler           |       |       |    46 |    22 ||    68
